 Dungeon Crawl Stone Soup version 0.21.1-1-g345015f (webtiles) character file.

9494 undeadgraduate the Cleaver (level 11, 0/69 HPs)
             Began as a Gargoyle Gladiator on Feb 20, 2018.
             Was an Elder of Trog.
             Slain by a 17-headed hydra (5 damage)
             ... on level 1 of the Lair of Beasts.
             The game lasted 01:24:26 (11114 turns).

undeadgraduate the Cleaver (Gargoyle Gladiator)    Turns: 11114, Time: 01:24:26

Health: 0/69       AC: 31    Str: 24    XL:     11   Next: 47%
Magic:  11/11      EV: 13    Int:  9    God:    Trog [****..]
Gold:   442        SH:  0    Dex: 13    Spells: 10/10 levels left

rFire    + + +     SeeInvis .   p - +5 hand axe
rCold    + . .     Gourm    +   (no shield)
rNeg     + . .     Faith    .   J - +5 ring mail {rF+}
rPois    ∞         Spirit   .   c - +1 helmet
rElec    +         Reflect  .   (no cloak)
rCorr    .         Harm     .   K - +0 pair of gloves of Broken Taboos {Str+3} (curse)
MR       +....                  (no boots)
Stlth    +.........             j - amulet of the gourmand
HPRegen  1.21/turn              v - ring of Pragmatism {+Fly rPois rF+++ rC+ MR-}
MPRegen  0.12/turn              x - +6 ring of protection

@: berserk cooldown, regenerating, slowed, very slow
A: molten scales 1, agile 1, negative energy resistance 1, electricity
resistance, unbreathing, petrification resistance, rot immunity, subdued magic
1, AC +8
a: Berserk, Trog's Hand, Brothers in Arms, Burn Spellbooks, Renounce Religion,
Evoke Flight


You were on level 1 of the Lair of Beasts.
You worshipped Trog.
Trog was greatly pleased with you.
You were not hungry.

You visited 2 branches of the dungeon, and saw 10 of its levels.
You also visited: Ossuary.

You collected 604 gold pieces.
You spent 162 gold pieces at shops.

Inventory:

Hand Weapons
 p - a +5 hand axe (weapon)
 I - a +2 whip of venom
 N - a +1 scimitar of electrocution
 V - a +4 quarterstaff of chaos
Missiles
 d - 3 throwing nets
 h - 456 stones (quivered)
 k - 82 sling bullets
Armour
 c - a +1 helmet (worn)
 E - a +0 scale mail
 J - a +5 ring mail of fire resistance (worn)
 K - the cursed +0 pair of gloves of Broken Taboos (worn) {Str+3}
   (You bought it in a shop on level 6 of the Dungeon)

   It affects your strength (+3).
   It has a curse placed upon it.
Jewellery
 j - an amulet of the gourmand (around neck)
 v - the ring of Pragmatism (left hand) {+Fly rPois rF+++ rC+ MR-}
   (You found it on level 6 of the Dungeon)

   [ring of protection from cold]

   It renders you almost immune to fire.
   It protects you from cold.
   It protects you from poison.
   It affects your resistance to hostile enchantments.
   It lets you fly.
 x - a +6 ring of protection (right hand)
 W - an uncursed ring of positive energy {unknown}
Wands
 a - a wand of random effects (17)
 l - a wand of iceblast (5)
 q - a wand of digging (13)
 r - a wand of flame (34)
Scrolls
 b - 2 scrolls of teleportation
 i - a scroll of remove curse {unknown}
 S - 4 scrolls of identify
Potions
 e - a potion of invisibility {unknown}
 g - 2 potions of brilliance
 n - 4 potions of curing
 o - 3 potions of cancellation
 s - 5 potions of flight
 u - 2 potions of agility
 B - 2 potions of lignification
 H - 4 potions of haste
Comestibles
 f - 15 rations


   Skills:
 * Level 8.5 Fighting
 * Level 11.3 Axes
 - Level 4.7 Staves
 + Level 2.0 Throwing
 * Level 7.7 Armour
 + Level 5.1 Dodging
 + Level 1.3 Stealth
 + Level 0.6 Evocations


You had 10 spell levels left.
You didn't know any spells.

Dungeon Overview and Level Annotations

Branches:
Dungeon (9/15)             Temple (0/1) D:6            Lair (1/6) D:9
    Orc (0/2) D:9

Altars:
Cheibriados
Dithmenos
Elyvilon
Hepliaklqana
Kikubaaqudgha
Qazlal
Ru
Trog
Wu Jian
Xom
Yredelemnul
Zin
The Shining One
Beogh

Shops:
D:6 [   D:8 !


Innate Abilities, Weirdness & Mutations

You are resistant to torment.
Your stone body is resilient. (AC +8)
You are immune to poison.
You resist negative energy. (rN+)
You are resistant to electric shocks. (rElec)
You can survive without breathing.
You are immune to petrification.
You are immune to rotting.
You are partially covered in molten scales. (AC +2)
You are agile. (Dex +2)
Your spells are a little easier to cast, but a little less powerful.


Message History

You feel yourself slow down. The wolf barely misses you.
The wolf bites you but does no damage. The wolf misses you.
The wolf bites you but does no damage. The wolf completely misses you.
The wolf bites you but does no damage.
Your skin crawls.
You feel resistant to hostile enchantments.
You feel somewhat more hungry.
The bullfrog snags a nearby moth with its tongue.
The 17-headed hydra misses you.
The 17-headed hydra bites you but does no damage.
The 17-headed hydra completely misses you.
The 17-headed hydra bites you but does no damage.
The 17-headed hydra bites you.
* * * LOW HITPOINT WARNING * * *
The 17-headed hydra bites you but does no damage. x2
The 17-headed hydra misses you. The 17-headed hydra closely misses you.
The 17-headed hydra bites you but does no damage. x5
The 17-headed hydra bites you.
You die...

.................#....##.)..
.>......###...#####...####..
.........##.....####### #<.
...P.....###....P## ###
....................
................[.##
.......†............
..........###........
.......†.hD@...###...
..........Fh.#.# ..
..##.#....r....# .
####....#.### ......#.#
.....P.#.# ...........
#......#...


You could see a 17-headed hydra, 2 wolves, a bullfrog and a porcupine.

Vanquished Creatures
  A hydra (Lair:1)
  A two-headed ogre (D:7)
  A black mamba (Lair:1)
  A spiny frog (Lair:1)
  The ghost of azzazzello the Fighter, an amateur GnWn (D:4)
  A troll (D:9)
  A hippogriff (D:9)
  6 yaks (D:7)
  7 humans (D:7)
  A water moccasin (D:5)
  5 orc warriors
  3 black bears
  An eye of draining (D:6)
  3 ogres
  3 ice beasts
  3 sky beasts
  A hornet zombie (D:7)
  3 centaurs
  3 wolves (Lair:1)
  6 bullfrogs
  8 water moccasin zombies (Ossuary)
  A wyvern skeleton (D:8)
  A scorpion (D:5)
  5 killer bees (D:9)
  A bullfrog zombie (D:8)
  3 crimson imps
  Crazy Yiuf (D:7)
  8 hounds
  2 jellies
  2 centaur skeletons
  7 orc priests
  5 orc wizards
  Terence (D:3)
  Natasha (twice) (D:2)
  2 iguanas
  4 worker ants
  2 big kobold zombies (Ossuary)
  A hound zombie (D:6)
  3 mummies
  A worker ant zombie (D:6)
  13 gnolls
  8 adders
  2 shadow imps
  An ooze (D:3)
  3 adder skeletons
  6 adder zombies
  2 worms (D:2)
  10 leopard geckos
  33 orcs
  3 bats
  5 giant cockroaches
  A gnoll zombie (Ossuary)
  4 goblins
  2 hobgoblins
  13 jackals
  7 kobolds
  A quokka (D:2)
  A ball python (D:1)
  6 frilled lizards
  5 hobgoblin zombies (Ossuary)
  A jackal skeleton (D:6)
  A jackal zombie (D:6)
  6 kobold zombies (Ossuary)
  4 orc zombies (Ossuary)
  2 quokka skeletons (D:4)
  10 rats
  A bush (D:4)
  A plant (D:1)
264 creatures vanquished.

Vanquished Creatures (collateral kills)
  2 humans (D:7)
2 creatures vanquished.

Vanquished Creatures (others)
  An orc wizard (D:7)
1 creature vanquished.

Grand Total: 267 creatures vanquished

Notes
Turn   | Place    | Note
-------+----------+-------------------------------------------
     0 | D:1      | undeadgraduate the Gargoyle Gladiator began the quest for the Orb.
     0 | D:1      | Reached XP level 1. HP: 12/12 MP: 1/1
   193 | D:1      | Reached XP level 2. HP: 15/17 MP: 2/2
  1224 | D:2      | Reached XP level 3. HP: 12/22 MP: 3/3
  1648 | D:2      | Found a snail-covered altar of Cheibriados.
  1648 | D:2      | Found a stormy altar of Qazlal.
  1662 | D:2      | Found a bloodstained altar of Trog.
  1697 | D:2      | Became a worshipper of Trog the Wrathful
  2080 | D:2      | Found an ancient bone altar of Kikubaaqudgha.
  2080 | D:2      | Noticed Natasha
  2093 | D:2      | Killed Natasha
  2093 | D:2      | Reached XP level 4. HP: 22/27 MP: 4/4
  2099 | D:2      | Noticed Natasha
  2109 | D:2      | Killed Natasha
  2507 | D:3      | Reached skill level 1 in Armour
  2520 | D:3      | Reached XP level 5. HP: 32/32 MP: 5/5
  2582 | D:3      | Noticed Terence
  2596 | D:3      | Killed Terence
  3071 | D:3      | Reached * piety under Trog
  3314 | D:4      | Reached XP level 6. HP: 26/37 MP: 6/6
  3617 | D:4      | Reached skill level 1 in Axes
  3662 | D:4      | Reached skill level 2 in Axes
  3674 | D:4      | Reached XP level 7. HP: 38/41 MP: 7/7
  3892 | D:4      | Noticed azzazzello's ghost (amateur GnWn)
  3912 | D:4      | Reached ** piety under Trog
  3915 | D:4      | Killed azzazzello's ghost
  3915 | D:4      | Reached skill level 3 in Axes
  4165 | D:4      | Reached skill level 4 in Axes
  4515 | D:3      | Found a glowing silver altar of Zin.
  4571 | D:5      | Entered Level 5 of the Dungeon
  4655 | D:5      | Reached XP level 8. HP: 30/48 MP: 8/8
  4775 | D:5      | Reached skill level 5 in Axes
  4958 | D:5      | Found an ornate altar of the Wu Jian Council.
  5389 | D:6      | Found a glowing golden altar of the Shining One.
  5491 | D:6      | Reached skill level 6 in Axes
  5857 | D:6      | Found Lidimofy's Armour Shoppe.
  5892 | D:6      | Bought the cursed +0 pair of gloves of Broken Taboos {Str+3} for 162 gold pieces
  5904 | D:6      | Found a shadowy altar of Dithmenos.
  5950 | D:6      | Found a sand-covered staircase.
  5962 | Ossuary  | Entered an ossuary
  5994 | Ossuary  | Reached skill level 5 in Armour
  5994 | Ossuary  | Reached XP level 9. HP: 52/53 MP: 9/9
  6005 | Ossuary  | Reached *** piety under Trog
  6038 | Ossuary  | Reached skill level 7 in Axes
  6060 | Ossuary  | Reached skill level 5 in Fighting
  6614 | D:6      | Found a staircase to the Ecumenical Temple.
  6689 | D:6      | Reached skill level 8 in Axes
  6718 | D:6      | Got a shimmering wooden ring
  6720 | D:6      | Identified the ring of Pragmatism {+Fly rPois rF+++ rC+ MR-} (You found it on level 6 of the Dungeon)
  7027 | D:6      | Found a hazy altar of Hepliaklqana.
  7048 | D:6      | Reached **** piety under Trog
  7369 | D:7      | Found a shimmering altar of Xom.
  7640 | D:7      | Noticed a two-headed ogre
  7641 | D:7      | Found a basalt altar of Yredelemnul.
  7652 | D:7      | Killed a two-headed ogre
  7652 | D:7      | Reached skill level 9 in Axes
  7652 | D:7      | Reached XP level 10. HP: 15/61 MP: 10/10
  7945 | D:7      | Found a sacrificial altar of Ru.
  7946 | D:7      | Found a white marble altar of Elyvilon.
  7982 | D:7      | You fall through a shaft!
  8157 | D:7      | Reached skill level 10 in Axes
  8162 | D:7      | Reached skill level 1 in Stealth
  8263 | D:7      | Found a runed door.
  8500 | D:7      | Found a snail-covered altar of Cheibriados.
  8701 | D:7      | Found a runed door.
  8705 | D:7      | Noticed Crazy Yiuf
  8714 | D:7      | Killed Crazy Yiuf
  9019 | D:8      | Found Xuucief's Distillery.
  9218 | D:8      | Reached XP level 11. HP: 63/68 MP: 11/11
  9432 | D:8      | Gained mutation: You are agile. (Dex +2) [potion of mutation]
  9432 | D:8      | Gained mutation: Your spells are a little easier to cast, but a little less powerful. [potion of mutation]
  9432 | D:8      | Gained mutation: You are partially covered in molten scales. (AC +2) [potion of mutation]
  9791 | D:9      | Found an ornate altar of the Wu Jian Council.
 10189 | D:9      | Found a staircase to the Orcish Mines.
 10228 | D:9      | Found a roughly hewn altar of Beogh.
 10483 | D:9      | Reached skill level 11 in Axes
 10609 | D:9      | Found a staircase to the Lair.
 10769 | Lair:1   | Entered Level 1 of the Lair of Beasts
 10788 | Lair:1   | Noticed a six-headed hydra
 10813 | Lair:1   | Killed a 19-headed hydra
 10813 | Lair:1   | Reached skill level 5 in Dodging
 11087 | Lair:1   | Noticed a six-headed hydra
 11110 | Lair:1   | HP: 4/103 [wolf (4)]
 11114 | Lair:1   | Slain by a 17-headed hydra

Skill      XL: |  1  2  3  4  5  6  7  8  9 10 11 |
---------------+----------------------------------+-----
Throwing       | 2 |  2.0
Staves         | 4 |  4.7
Dodging        | 3 4 5 |  5.1
Armour         | 1 2 3 5 6 7 |  7.7
Fighting       | 3 4 6 7 8 |  8.5
Axes           | 2 4 6 9 10 11 | 11.3
Stealth        | 1 |  1.3
Evocations     | |  0.6

Action                   |  1- 3 |  4- 6 |  7- 9 | 10-12 || total
-------------------------+-------+-------+-------+-------++-------
Melee: Quarterstaff      |   138 |    71 |       |       ||   209
       Mace              |       |    13 |       |       ||    13
       Hand axe          |       |    71 |   662 |   366 ||  1099
Throw: Stone             |     2 |       |       |       ||     2
       Throwing net      |     1 |       |       |       ||     1
Invok: Berserk           |       |       |     4 |     8 ||    12
       Trog's Hand       |       |       |     2 |     3 ||     5
       Burn Spellbooks   |       |       |     1 |       ||     1
       Brothers in Arms  |       |       |       |     1 ||     1
 Abil: Stop Flying       |       |       |       |     1 ||     1
       Evoke Flight      |       |       |       |     1 ||     1
  Use: Scroll            |       |       |     2 |     7 ||     9
       Potion            |       |       |       |    12 ||    12
 Stab: Distracted        |       |       |       |     1 ||     1
  Eat: Ration            |     1 |     2 |     4 |     4 ||    11
       Chunk             |       |       |     6 |     6 ||    12
Armor: Leather armour    |    34 |       |       |       ||    34
       Ring mail         |    18 |    10 |   148 |   290 ||   466
       Scale mail        |       |   109 |   147 |       ||   256
Dodge: Dodged            |    97 |   113 |   326 |   315 ||   851
